 Dungeon Sprint DCSS version 0.30.1-9-gdf580d7c3d (webtiles) character file.

Game seed: 5923557503799010083

99678 Heoruswealwe the Minotaur Porcupine (level 15, -1/156 HPs)
             Began as a Minotaur Fighter on Sept 25, 2023.
             Was an Initiate of Gozag.
             Drowned by a water elemental (6 damage)
             ... summoned by Ilsuiw
             ... in the Dungeon (Sprint IX: "|||||||||||||||||||||||||||||").
             The game lasted 00:58:59 (5784 turns).

Heoruswealwe the Minotaur Porcupine (MiFi)          Turns: 5784, Time: 00:59:00

Health: -1/156     AC: 40    Str: 34    XL:     15   Next: 41%
Magic:  4/4        EV:  9    Int:  5    God:    Gozag
Gold:   1377       SH:  0    Dex: 14    Spells: 14/14 levels left

rFire   . . .        b - +9 bardiche (antimagic)
rCold   + . .        (shield currently unavailable)
rNeg    + + .        c - +2 crystal plate armour
rPois   .            g - +0 hat of Resonance {SInv Stlth+}
rElec   +            h - +0 cloak
rCorr   .            f - +0 pair of gloves {Dex+3}
SInv    +            e - +1 pair of boots
Will    ++...        (no amulet) Stlth
                     k - ring of Jealousy {rElec rN+ Str+5 Dex+2}
HPRegen 0.46/turn    j - ring of Ewitwoini {rC+ rN+ Will+ SInv}
MPRegen 0.09/turn

%: no teleportation
@: engulfed (cannot breathe), very slow
A: horns 2, retaliatory headbutt, frail 1
}: 1/17 runes: serpentine
a: Renounce Religion, Potion Petition, Call Merchant, Bribe Branch


You were in the Dungeon.
You worshipped Gozag.
Gozag was most pleased with you.
You visited 1 branch You collected 20596 gold pieces.
You spent 4990 gold pieces at shops.
You paid 14229 gold pieces to Gozag.

Inventory:

Hand Weapons
 a - a +4 heavy trident
 b - a +9 antimagic bardiche (weapon)
 v - the +0 glaive of Xoreumup {spect, rN+}
   (You bought it in a shop in the Dungeon)

   rN:        It protects you from negative energy.
 C - a +3 glaive of venom
Armour
 c - a +2 crystal plate armour (worn)
 d - a +0 tower shield of protection
 e - a +1 pair of boots (worn)
 f - a +0 pair of gloves of dexterity (worn)
 g - the +0 hat of Resonance (worn) {SInv Stlth+}
   (You found it in the Dungeon)

   SInv:      It lets you see invisible.
   Stlth:     It makes you more stealthy.
 h - a +0 cloak (worn)
Jewellery
 j - the ring of Ewitwoini (right hand) {rC+ rN+ Will+ SInv}
   (You bought it in a shop in the Dungeon)

   [ring of willpower]

   rC:        It protects you from cold.
   rN:        It protects you from negative energy.
   SInv:      It lets you see invisible.
   Will:      It increases your willpower.
 k - the ring of Jealousy (left hand) {rElec rN+ Str+5 Dex+2}
   (You bought it in a shop in the Dungeon)

   [ring of positive energy]

   Str:       It affects your strength (+5).
   Dex:       It affects your dexterity (+2).
   rElec:     It insulates you from electricity.
   rN:        It protects you from negative energy.
 m - a ring of protection from cold
 r - a +2 ring of slaying
 t - a ring of protection from fire
 y - a ring of poison resistance
Wands
 i - a wand of roots (9)
 q - a wand of polymorph (20)
Scrolls
 p - 13 scrolls of identify
 s - 2 scrolls of enchant armour
 u - a scroll of brand weapon
 B - 2 scrolls of enchant weapon
Potions
 l - a potion of flight
 n - a potion of haste
 o - a potion of resistance
 w - 2 potions of heal wounds
 x - 2 potions of mutation
 z - a potion of curing


   Skills:
 O Level 27 Fighting
 O Level 27 Polearms
 O Level 27 Armour
 + Level 20.1 Shields
 + Level 15.5 Evocations


You had 14 spell levels left.
You didn't know any spells.
Your spell library was empty.

Dungeon Overview and Level Annotations

Branches:
Dungeon (1/1)

Altars:
Cheibriados
Dithmenos
Elyvilon
Fedhas
Gozag
Hepliaklqana
Kikubaaqudgha
Makhleb
Nemelex Xobeh
Okawaru
Qazlal
Ru
Sif Muna
Trog
Uskayaw
Vehumet
Wu Jian
Xom
Yredelemnul
Zin
The Shining One
Jiyva
Lugonu

Shops:
D =(**=((=((=(**?

Annotations:
D Ilsuiw


Innate Abilities, Weirdness & Mutations

You have a pair of horns on your head.
You reflexively headbutt those who attack you in melee.
You are frail. (-10% HP)


Message History

Your lungs strain for air!
Ilsuiw hits you but does no damage. The water elemental barely misses you.
You furiously retaliate!
You headbutt the water elemental.
Your unstable footing causes you to fumble your attack.
* * * LOW HITPOINT WARNING * * *
Your lungs strain for air!
The water elemental hits you.
* * * LOW HITPOINT WARNING * * *
Ilsuiw gestures wildly while chanting.
Ilsuiw blinks!
Your unstable footing causes you to fumble your attack.
* * * LOW HITPOINT WARNING * * *
Your lungs strain for air!
Your unstable footing causes you to fumble your attack.
* * * LOW HITPOINT WARNING * * *
Your lungs strain for air!
The merfolk javelineer is no longer distracted by gold.
Ilsuiw closely misses you. The water elemental hits you.
The merfolk javelineer hits you from afar with a +0 spear.
* * * LOW HITPOINT WARNING * * *
You slash Ilsuiw!
Ilsuiw's magic leaks into the air.
Ilsuiw is almost dead.
* * * LOW HITPOINT WARNING * * *
Your lungs strain for air!
Ilsuiw hits you with a +3 trident of freezing.
* * * LOW HITPOINT WARNING * * *
The water elemental hits you.
The merfolk javelineer barely misses you.
Your unstable footing causes you to fumble your attack.
* * * LOW HITPOINT WARNING * * *
Your lungs strain for air!
Ilsuiw hits you with a +3 trident of freezing!
* * * LOW HITPOINT WARNING * * *
Ilsuiw freezes you.
* * * LOW HITPOINT WARNING * * *
The water elemental barely misses you.
You barely miss Ilsuiw.
Ilsuiw is almost dead.
You die...
Your body crumbles into a pile of gold.

▓.▓.▓.▓.▓.▓.▓.▓.
▓m▓.▓.▓.▓.▓.▓.▓.▓.
▓m▓.▓[▓.▓.▓.▓.▓.▓[
▓m▓.▓.▓.▓.▓.▓.▓.▓[
▓m▓.▓.▓.▓(▓)▓.▓.▓[
▓m▓.▓[▓.▓.▓)▓.▓.▓[
▓m▓.▓)▓.▓[▓.▓.▓.▓.
▓m▓.▓)▓.▓.▓.▓.▓.▓[
▓@▓.▓)▓.▓.▓)▓'▓.▓[
▓E▓.▓)▓.▓∩▓)♣.♣.▓[
▓$▓.▓)▓.▓.▓)♣.♣.▓[
▓$▓.▓)▓.▓.▓.♣.♣.▓)
▓'▓.▓.▓.▓)▓.♣.♣.▓)
▓.▓)▓.▓.▓)▓.♣.♣.▓)
▓.▓.▓.▓.▓.▓.♣.♣.▓)
▓.▓.▓"▓.▓(▓.♣.♣.▓)
▓.▓.▓=▓.▓'▓.♣.♣.▓)


You could see Ilsuiw (magic disrupted), 2 merfolk impalers, 4 merfolk
javelineers and a water elemental (summoned).

Vanquished Creatures
  Sojobo (D)
  Saint Roka (D)
  Frances (D)
  3 sphinxes (D)
  Kirke (D)
  Agnes (D)
  3 nagarajas (D)
  2 tengu reavers (D)
  Louise (D)
  A fire giant (D)
  An emperor scorpion (D)
  2 frost giants (D)
  A vault warden (D)
  A ghost moth (D)
  5 ironbound preservers (D)
  3 stone giants (D)
  3 very ugly things (D)
  An eleionoma (D)
  4 ettins (D)
  A spark wasp (D)
  4 merfolk javelineers (D)
  A fire dragon (D)
  Snorg (D)
  2 great orbs of eyes (D)
  Harold (D)
  2 yaktaur captains (D)
  3 hydras (D)
  An ice dragon (D)
  A satyr (D)
  A two-headed ogre (D)
  An alligator snapping turtle (D)
  4 merfolk aquamancers (D)
  2 boulder beetles (D)
  2 centaur warriors (D)
  Erica (D)
  A tengu warrior (D)
  3 naga warriors (D)
  2 deep troll earth magi (D)
  7 orc high priests (D)
  3 shock serpents (D)
  Nergalle (D)
  A skyshark (shapeshifter) (D)
  A pharaoh ant (D)
  A skeletal warrior (D)
  2 glowing orange brains (D)
  2 swamp dragons (D)
  A wizard (D)
  2 spriggan druids (D)
  A naga ritualist (D)
  6 ironbound convokers (D)
  5 orc knights (D)
  A harpy (D)
  An orc sorcerer (D)
  3 wolf spiders (D)
  2 manticores (D)
  An ugly thing (D)
  A black mamba (D)
  A vault sentinel (D)
  5 guardian serpents (D)
  2 naga magi (D)
  6 cane toads (D)
  3 unseen horrors (D)
  2 komodo dragons (D)
  A yaktaur (D)
  Psyche (D)
  A tengu conjurer (D)
  A troll (D)
  2 tarantellas (D)
  A polar bear (D)
  5 tyrant leeches (D)
  A dream sheep (D)
  4 snapping turtles (D)
  2 slime creatures (D)
  A culicivora (D)
  5 hogs (D)
  3 yaks (D)
  Eustachio (D)
  A redback (D)
  A vampire mosquito (D)
  4 nagas (D)
  2 water moccasins (D)
  A swamp drake (D)
  14 orc warriors (D)
  A centaur (D)
  2 bullfrogs (D)
  A howler monkey (D)
  A jelly (D)
  A hound (D)
  9 orc priests (D)
  A hell rat (D)
  4 orc wizards (D)
  4 worms (D)
  9 orcs (D)
  An endoplasm (D)
  A goblin (D)
  A quokka (D)
  A bat (D)
  2 rats (D)
222 creatures vanquished.

Vanquished Creatures (others)
  2 spectral weapons (D)
2 creatures vanquished.

Grand Total: 224 creatures vanquished

Notes
Turn   | Place    | Note
-------+----------+-------------------------------------------
     0 | D        | Heoruswealwe the Minotaur Fighter began the quest for the
                  | Orb.
     0 | D        | Reached XP level 1. HP: 19/19 MP: 0/0
    25 | D        | Noticed a howler monkey
    25 | D        | Noticed a jelly
    25 | D        | Noticed a hound
    25 | D        | Noticed a centaur
    30 | D        | Killed a centaur
    31 | D        | Reached XP level 2. HP: 30/30 MP: 1/1
    31 | D        | Reached XP level 3. HP: 36/37 MP: 2/2
    31 | D        | Reached XP level 4. HP: 43/44 MP: 3/3
    35 | D        | Reached XP level 5. HP: 47/52 MP: 4/4
    48 | D        | Found a snail-covered altar of Cheibriados.
    48 | D        | Found a shadowy altar of Dithmenos.
    48 | D        | Found a white marble altar of Elyvilon.
    48 | D        | Found a blossoming altar of Fedhas.
    48 | D        | Found an opulent altar of Gozag.
    49 | D        | Found a hazy altar of Hepliaklqana.
    50 | D        | Found a viscous altar of Jiyva.
    51 | D        | Found an ancient bone altar of Kikubaaqudgha.
    52 | D        | Found a corrupted altar of Lugonu.
    53 | D        | Found a burning altar of Makhleb.
    54 | D        | Found a sparkling altar of Nemelex Xobeh.
    55 | D        | Found an iron altar of Okawaru.
    56 | D        | Became a worshipper of Gozag Ym Sagoz the Greedy
    57 | D        | Found a stormy altar of Qazlal.
    58 | D        | Found a sacrificial altar of Ru.
    59 | D        | Found a shimmering blue altar of Sif Muna.
    60 | D        | Found a bloodstained altar of Trog.
    61 | D        | Found a hide-covered altar of Uskayaw.
    62 | D        | Found a radiant altar of Vehumet.
    63 | D        | Found an ornate altar of the Wu Jian Council.
    64 | D        | Found a shimmering altar of Xom.
    65 | D        | Found a basalt altar of Yredelemnul.
    66 | D        | Found a glowing silver altar of Zin.
    67 | D        | Found a glowing golden altar of the Shining One.
   122 | D        | Noticed an orc warrior
   122 | D        | Noticed an orc warrior
   122 | D        | Noticed a yak
   131 | D        | Killed an unseen horror
   132 | D        | Reached XP level 6. HP: 37/63 MP: 5/5
   140 | D        | Killed an unseen horror
   141 | D        | Reached skill level 10 in Fighting
   141 | D        | Reached skill level 10 in Armour
   141 | D        | Reached XP level 7. HP: 28/72 MP: 6/6
   141 | D        | Killed a yak
   324 | D        | Noticed a vampire mosquito
   324 | D        | Noticed a centaur warrior
   324 | D        | Noticed a tengu warrior
   324 | D        | Noticed a troll
   324 | D        | Noticed a two-headed ogre
   327 | D        | Killed a two-headed ogre
   328 | D        | Reached XP level 8. HP: 78/83 MP: 7/7
   333 | D        | Killed a troll
   341 | D        | Killed a tengu warrior
   342 | D        | Reached XP level 9. HP: 57/93 MP: 8/8
   345 | D        | Killed a centaur warrior
   367 | D        | Killed an unseen horror
   620 | D        | Noticed a boulder beetle
   620 | D        | Noticed a komodo dragon
   620 | D        | Noticed a cane toad
   620 | D        | Noticed a cane toad
   628 | D        | Noticed a cane toad
   633 | D        | Killed a cane toad
   636 | D        | Noticed a cane toad
   637 | D        | Killed a cane toad
   638 | D        | Reached XP level 10. HP: 59/104 MP: 9/9
   646 | D        | Killed a cane toad
   651 | D        | Killed a cane toad
   652 | D        | Reached skill level 15 in Fighting
   652 | D        | Reached skill level 15 in Armour
   659 | D        | Killed a boulder beetle
   823 | D        | Noticed a cane toad
   828 | D        | Noticed a cane toad
   835 | D        | Killed a cane toad
   854 | D        | Killed a cane toad
   942 | D        | Reached XP level 11. HP: 64/115 MP: 10/10
  1146 | D        | Noticed Psyche
  1152 | D        | Paralysed by something for 5 turns
  1161 | D        | Killed Psyche
  1267 | D        | Noticed Erica
  1282 | D        | Killed Erica
  1423 | D        | Noticed an orc sorcerer
  1435 | D        | Killed an orc sorcerer
  1499 | D        | Noticed an orc knight
  1516 | D        | Killed an orc knight
  1519 | D        | Noticed an orc knight
  1525 | D        | Noticed an orc knight
  1536 | D        | Killed an orc knight
  1540 | D        | Killed an orc knight
  1799 | D        | Found Itom's Magic Scroll Boutique.
  1799 | D        | Noticed an orc high priest
  1799 | D        | Noticed an orc high priest
  1799 | D        | Noticed an orc high priest
  1799 | D        | Noticed an orc high priest
  1804 | D        | Noticed a sixfirhy
  1805 | D        | Killed an orc high priest
  1806 | D        | Found Loowkes's General Store.
  1806 | D        | Noticed an orc high priest
  1807 | D        | Noticed a sun demon
  1816 | D        | Killed an orc high priest
  1825 | D        | Killed an orc high priest
  1835 | D        | Killed an orc high priest
  1837 | D        | Found Cuunku Jei's General Store.
  1843 | D        | Gained mutation: You are frail. (-10% HP) [a neqoxec]
  1853 | D        | Killed an orc high priest
  1860 | D        | Noticed an orc high priest
  1861 | D        | Found Soschopou's Weapon Shop.
  1864 | D        | Noticed an orc high priest
  1866 | D        | Killed an orc high priest
  1873 | D        | Killed an orc high priest
  1874 | D        | Reached XP level 12. HP: 43/115 MP: 11/11
  2076 | D        | Bought the +0 glaive of Xoreumup {spect, rN+} for 356 gold
                  | pieces
  2078 | D        | Bought a scroll of identify for 22 gold pieces
  2078 | D        | Bought a potion of flight for 33 gold pieces
  2078 | D        | Bought a scroll of blinking for 82 gold pieces
  2078 | D        | Bought a scroll of poison for 44 gold pieces
  2101 | D        | Bought a scroll of identify for 28 gold pieces
  2115 | D        | Bought a scroll of vulnerability for 48 gold pieces
  2115 | D        | Bought a scroll of immolation for 48 gold pieces
  2115 | D        | Bought a scroll of identify for 24 gold pieces
  2115 | D        | Bought a scroll of identify for 24 gold pieces
  2115 | D        | Bought a scroll of brand weapon for 114 gold pieces
  2115 | D        | Bought a scroll of blinking for 90 gold pieces
  2115 | D        | Bought a scroll of acquirement for 624 gold pieces
  2115 | D        | Bought a scroll of identify for 24 gold pieces
  2130 | D        | Bought the ring of Jealousy {rElec rN+ Str+5 Dex+2} for 633
                  | gold pieces
  2165 | D        | Bought the ring of Ewitwoini {rC+ rN+ Will+ SInv} for 663
                  | gold pieces
  2236 | D        | Noticed Eustachio
  2242 | D        | Killed Eustachio
  2248 | D        | Noticed Harold
  2257 | D        | Killed Harold
  2416 | D        | Noticed a boulder beetle
  2423 | D        | Noticed a centaur warrior
  2423 | D        | Noticed an ettin
  2427 | D        | Noticed an ettin
  2428 | D        | Noticed a sphinx
  2433 | D        | Killed a boulder beetle
  2436 | D        | Killed a centaur warrior
  2436 | D        | a water nymph changed into an anaconda
  2436 | D        | Noticed an anaconda (glowing shapeshifter)
  2437 | D        | Noticed a fire giant
  2437 | D        | an anaconda changed into a water nymph
  2439 | D        | Killed an ettin
  2440 | D        | Killed an ettin
  2441 | D        | Noticed a deep troll earth mage
  2444 | D        | Killed a sphinx
  2453 | D        | Killed a fire giant
  2454 | D        | Reached skill level 27 in Polearms
  2460 | D        | Killed a deep troll earth mage
  2693 | D        | Noticed a six-headed hydra
  2693 | D        | Noticed a five-headed hydra
  2703 | D        | Killed a nine-headed hydra
  2704 | D        | Noticed an eleionoma
  2706 | D        | Killed an eight-headed hydra
  2707 | D        | Reached skill level 1 in Evocations
  2707 | D        | Reached XP level 13. HP: 100/128 MP: 12/12
  2715 | D        | Killed an eleionoma
  2716 | D        | Reached skill level 5 in Shields
  3360 | D        | Reached skill level 5 in Evocations
  3610 | D        | Noticed a merfolk javelineer
  3616 | D        | Killed a merfolk javelineer
  3912 | D        | Bought a potion of heal wounds for 165 gold pieces
  3912 | D        | Bought a runed bronze ring for 165 gold pieces
  3912 | D        | Bought 2 scrolls of identify for 132 gold pieces
  3920 | D        | Noticed Nergalle
  3921 | D        | Noticed Kirke
  3926 | D        | Killed Nergalle
  3933 | D        | Noticed Snorg
  3938 | D        | Noticed a sphinx
  3940 | D        | Killed Kirke
  3941 | D        | Reached skill level 10 in Shields
  3948 | D        | Killed Snorg
  3968 | D        | Bought a scroll of identify for 66 gold pieces
  4005 | D        | Noticed Saint Roka
  4020 | D        | Killed Saint Roka
  4061 | D        | Noticed Agnes
  4068 | D        | Killed Agnes
  4069 | D        | Reached XP level 14. HP: 62/144 MP: 13/13
  4080 | D        | Noticed an emperor scorpion
  4091 | D        | Killed an emperor scorpion
  4295 | D        | Noticed a green very ugly thing
  4295 | D        | Noticed a green very ugly thing
  4295 | D        | Noticed a stone giant
  4296 | D        | Noticed a stone giant
  4299 | D        | Killed a stone giant
  4301 | D        | Noticed a frost giant
  4306 | D        | Killed a green very ugly thing
  4311 | D        | Killed a cyan very ugly thing
  4318 | D        | Noticed a brown very ugly thing
  4319 | D        | Killed a stone giant
  4321 | D        | Killed a frost giant
  4330 | D        | Noticed a frost giant
  4331 | D        | Killed a brown very ugly thing
  4332 | D        | Noticed a stone giant
  4343 | D        | Killed a frost giant
  4351 | D        | Killed a stone giant
  4352 | D        | Reached skill level 10 in Evocations
  4553 | D        | Bought a scroll of identify for 28 gold pieces
  4553 | D        | Bought a potion of heal wounds for 70 gold pieces
  4553 | D        | Bought 2 potions of haste for 280 gold pieces
  4553 | D        | Bought a scroll of identify for 28 gold pieces
  4553 | D        | Bought 3 scrolls of enchant weapon for 315 gold pieces
  4553 | D        | Bought a potion of heal wounds for 70 gold pieces
  4553 | D        | Bought a +4 heavy trident for 396 gold pieces
  4571 | D        | Acquired a +2 antimagic bardiche
  4580 | D        | Noticed an ironbound preserver
  4580 | D        | Noticed an ironbound preserver
  4582 | D        | Noticed an ironbound preserver
  4582 | D        | Killed an ironbound preserver
  4593 | D        | Killed an ironbound preserver
  4601 | D        | Killed an ironbound preserver
  4602 | D        | Reached skill level 27 in Fighting
  4607 | D        | Noticed a sphinx
  4614 | D        | Noticed a vault warden
  4615 | D        | Noticed an ironbound preserver
  4619 | D        | Noticed a sphinx
  4633 | D        | Killed an ironbound preserver
  4634 | D        | Reached skill level 15 in Shields
  4634 | D        | Killed a sphinx
  4639 | D        | Killed a vault warden
  4642 | D        | Killed a sphinx
  4650 | D        | Noticed an ironbound preserver
  4658 | D        | Killed an ironbound preserver
  4829 | D        | Noticed Louise
  4829 | D        | Noticed a ghost moth
  4834 | D        | Killed a ghost moth
  4847 | D        | Killed Louise
  4898 | D        | Reached XP level 15. HP: 156/156 MP: 4/14
  4986 | D        | Got the +0 hat of Resonance {SInv Stlth+}
  5066 | D        | Noticed a tengu reaver
  5067 | D        | Noticed Sojobo
  5069 | D        | Noticed a tengu reaver
  5073 | D        | Killed a tengu reaver
  5085 | D        | Killed Sojobo
  5089 | D        | Killed a tengu reaver
  5294 | D        | Noticed Frances
  5300 | D        | Killed Frances
  5301 | D        | Reached skill level 27 in Armour
  5331 | D        | Noticed a nagaraja
  5331 | D        | Noticed a nagaraja
  5332 | D        | Noticed a nagaraja
  5355 | D        | Killed a nagaraja
  5360 | D        | Killed a nagaraja
  5363 | D        | Killed a nagaraja
  5647 | D        | Got a serpentine rune of Zot
  5714 | D        | Bought a runed glaive for 418 gold pieces
  5745 | D        | Noticed Ilsuiw
  5746 | D        | Reached skill level 15 in Evocations
  5783 | D        | HP: 6/156 [Ilsuiw/+3 trident of freezing (12)]
  5784 | D        | Drowned by a water elemental

Illustrated notes

Levels and vault maps discovered:
D:        linesprint [early_d, line_temple, items_1, d_10, items_2, lair_1,
          lair_end, items_3, orc_1, orc_end, items_4, d_15, swamp_1, shoals_1,
          snake_1, spider_1, d_20, vaults_1, items_5, swamp_end, shoals_end,
          snake_end, spider_end, vaults_end, d_27, items_6, zot_1, zot_end,
          crypt_end, forest_end, elf_end, slime_end, tomb_end, abyss_end,
          pan_hell_end]

Skill      XL: |  1  2  3  4  5  6  7  8  9 10 11 12 13 14 15 |
---------------+----------------------------------------------+-----
Polearms       | 7 9 11 13 16 17 19 21 24 27 | 27.0
Fighting       | 6 7 9 10 12 13 14 16 18 21 24 27 | 27.0
Armour         | 6 7 9 10 12 13 14 16 18 21 23 26 27 | 27.0
Shields        | 4 11 16 20 | 20.1
Evocations     | 1 8 12 15 | 15.5

Action                     |  1- 3 |  4- 6 |  7- 9 | 10-12 | 13-15 || total
---------------------------+-------+-------+-------+-------+-------++-------
  Melee: Trident           |    13 |     6 |       |       |       ||    19
         Headbutt          |       |     4 |    10 |    51 |    78 ||   143
         Halberd           |       |    17 |    60 |   220 |       ||   297
         Unarmed           |       |       |       |     6 |       ||     6
         Glaive            |       |       |       |    54 |   184 ||   238
         Bardiche          |       |       |       |       |   181 ||   181
 Invoke: Call Merchant     |       |       |       |     6 |     5 ||    11
  Evoke: Wand              |       |       |       |       |     3 ||     3
    Use: Potion            |     1 |       |     4 |    11 |    12 ||    28
         Scroll            |       |       |       |     1 |    13 ||    14
   Stab: Distracted        |       |       |       |     5 |     6 ||    11
         Invisible         |       |       |       |     2 |       ||     2
 Armour: Scale mail        |     4 |       |       |       |       ||     4
         Chain mail        |       |    17 |    34 |    25 |       ||    76
         Plate armour      |       |       |       |    30 |       ||    30
         Skin              |       |       |       |     5 |       ||     5
         Crystal plate arm |       |       |       |    44 |   185 ||   229
  Dodge: Dodged            |     4 |     1 |    17 |    56 |    83 ||   161
  Block: Buckler           |     4 |     1 |       |       |       ||     5
